[ AOE2 MATCH · #513815112 ]
UnrankedMaya vs Armenians
Player's team · LOSS
[ REPLAY ANALYSIS · EXTRACTED FROM THE RECORDED GAME ]
Feudal
10:12
Castle
—
Imperial
—
| APM avg | 20.2 |
| APM peak | 40 |
| eAPM avg | 12.5 |
| Villagers / military | 33 / 9 |
Focus
⚔️ 27.5% · 🌾 72.5%
Archer ×7 · Spearman ×2
Feudal
10:40
Castle
—
Imperial
—
| APM avg | 18.0 |
| APM peak | 38 |
| eAPM avg | 9.0 |
| Villagers / military | 29 / 20 |
Focus
⚔️ 29.6% · 🌾 70.4%
Militia ×20
Match map
Initial resources + every placement click. Lines = walls · curves = elevation contours. ◆ gold · ⬟ stone · ● berries · ✦ relic · ◌ wall gap
Your base· Open — 7t gap
ahmedkhaledaljaberi's base· Open — unwalled flank
Smoothed initial terrain · ◌ = detected wall gap · hover for details
Inputs per minute
— MITOELMEJOR - - ahmedkhaledaljaberi
Build order — MITOELMEJOR
73 actions detected in the replay
| 0:03 | Build | House |
| 0:04 | Build | House |
| 0:06 | Build | House |
| 0:08 | Research | Loom |
| 0:08 | queue | Villager (Male) |
| 0:08 | queue | Villager (Male) |
| 0:08 | queue | Villager (Male) |
| 0:09 | queue | Villager (Male) |
| 1:45 | queue | Villager (Male) |
| 2:24 | queue | Villager (Male) |
| 2:24 | queue | Villager (Male) |
| 2:52 | queue | Villager (Male) |
| 2:53 | queue | Villager (Male) |
| 2:53 | queue | Villager (Male) |
| 3:19 | Build | Lumber Camp |
| 3:31 | queue | Villager (Male) |
| 3:31 | queue | Villager (Male) |
| 3:32 | queue | Villager (Male) |
| 4:32 | queue | Villager (Male) |
| 4:32 | queue | Villager (Male) |
| 4:33 | queue | Villager (Male) |
| 5:44 | queue | Villager (Male) |
| 5:44 | queue | Villager (Male) |
| 5:44 | queue | Villager (Male) |
| 5:44 | queue | Villager (Male) |
| 6:02 | queue | Villager (Male) |
| 6:02 | queue | Villager (Male) |
| 6:22 | Build | Mining Camp |
| 6:50 | queue | Villager (Male) |
| 7:12 | Build | Mill |
| 7:19 | queue | Villager (Male) |
| 8:03 | Research | Feudal Age |
| 8:25 | Build | House |
| 8:34 | Build | Palisade Wall |
| 8:59 | queue | Villager (Male) |
| 9:24 | Build | Barracks |
| 9:29 | Build | Palisade Wall |
| 9:35 | Build | Palisade Gate |
| 9:37 | queue | Villager (Male) |
| 9:44 | Build | Palisade Gate |
| 10:12 | queue | Villager (Male) |
| 10:12 | Age | Feudal Age |
| 10:29 | Build | House |
| 10:34 | Build | Archery Range |
| 10:44 | Build | Archery Range |
| 10:46 | queue | Villager (Male) |
| 10:52 | queue | Spearman |
| 11:03 | Build | House |
| 11:07 | Build | Palisade Wall |
| 11:10 | Build | House |
| 11:19 | Build | Palisade Wall |
| 11:20 | queue | Villager (Male) |
| 11:21 | queue | Villager (Male) |
| 11:29 | queue | Villager (Male) |
| 11:49 | queue | Archer |
| 11:49 | queue | Archer |
| 11:50 | queue | Archer |
| 12:02 | queue | Spearman |
| 12:23 | Build | Blacksmith |
| 12:26 | queue | Villager (Male) |
| 12:36 | Build | Palisade Wall |
| 12:50 | Build | House |
| 12:53 | Build | House |
| 12:58 | queue | Villager (Male) |
| 13:14 | queue | Archer |
| 13:15 | queue | Archer |
| 13:42 | queue | Archer |
| 14:16 | Build | Watch Tower |
| 14:26 | queue | Archer |
| 14:54 | Research | Padded Archer Armor |
| 14:55 | Research | Fletching |
| 15:16 | Build | Archery Range |
| 15:30 | Build | House |
Build order — ahmedkhaledaljaberi
69 actions detected in the replay
| 0:01 | queue | Villager (Male) |
| 0:01 | queue | Villager (Male) |
| 0:02 | queue | Villager (Male) |
| 0:02 | queue | Villager (Male) |
| 0:02 | queue | Villager (Male) |
| 0:05 | Build | House |
| 0:08 | Build | House |
| 0:10 | Build | House |
| 2:19 | queue | Villager (Male) |
| 2:20 | queue | Villager (Male) |
| 2:20 | queue | Villager (Male) |
| 2:20 | queue | Villager (Male) |
| 2:20 | queue | Villager (Male) |
| 3:12 | queue | Villager (Male) |
| 3:13 | queue | Villager (Male) |
| 3:38 | Build | Mule Cart |
| 3:55 | queue | Villager (Male) |
| 3:55 | queue | Villager (Male) |
| 3:56 | queue | Villager (Male) |
| 3:56 | queue | Villager (Male) |
| 3:56 | queue | Villager (Male) |
| 4:18 | queue | Villager (Male) |
| 4:18 | queue | Villager (Male) |
| 4:19 | queue | Villager (Male) |
| 4:46 | queue | Villager (Male) |
| 4:47 | queue | Villager (Male) |
| 4:47 | queue | Villager (Male) |
| 4:47 | queue | Villager (Male) |
| 5:14 | queue | Villager (Male) |
| 5:15 | queue | Villager (Male) |
| 5:15 | queue | Villager (Male) |
| 6:22 | Build | Barracks |
| 6:25 | Build | House |
| 6:29 | Build | House |
| 6:49 | Build | House |
| 6:56 | queue | Villager (Male) |
| 7:23 | Build | Mule Cart |
| 7:29 | Research | Loom |
| 7:30 | queue | Villager (Male) |
| 8:08 | queue | Militia |
| 8:26 | Research | Feudal Age |
| 8:33 | queue | Militia |
| 8:33 | queue | Militia |
| 8:33 | queue | Militia |
| 8:51 | queue | Militia |
| 8:51 | queue | Militia |
| 8:52 | queue | Militia |
| 9:04 | queue | Militia |
| 9:44 | queue | Militia |
| 9:44 | queue | Militia |
| 9:52 | Build | Mill |
| 10:02 | queue | Militia |
| 10:03 | queue | Militia |
| 10:40 | Age | Feudal Age |
| 12:14 | Research | Man-at-Arms (upgrade) |
| 12:52 | Research | Arson |
| 12:56 | Research | Long Swordsman (upgrade) |
| 13:09 | Research | Arson |
| 13:31 | Build | Watch Tower |
| 13:52 | queue | Militia |
| 13:52 | queue | Militia |
| 13:52 | queue | Militia |
| 14:31 | Build | Watch Tower |
| 15:38 | Build | Watch Tower |
| 15:42 | queue | Militia |
| 15:42 | queue | Militia |
| 15:42 | queue | Militia |
| 15:43 | queue | Militia |
| 15:43 | queue | Militia |
Match timeline
| 6:22 | ahmedkhaledaljaberi · first_building Barracks |
| 8:34 | MITOELMEJOR · wall_segment Palisade Wall x7 |
| 9:24 | MITOELMEJOR · first_building Barracks |
| 9:29 | MITOELMEJOR · wall_segment Palisade Wall x6 |
| 10:12 | MITOELMEJOR · age_up feudal |
| 10:34 | MITOELMEJOR · first_building Archery Range |
| 10:40 | ahmedkhaledaljaberi · age_up feudal |
| 11:07 | MITOELMEJOR · wall_segment Palisade Wall x5 |
| 11:19 | MITOELMEJOR · wall_segment Palisade Wall x1 |
| 12:36 | MITOELMEJOR · wall_segment Palisade Wall x8 |
| 16:44 | MITOELMEJOR · resign |
[ AI ANALYSIS · 1 CREDIT ]
What really happened in this match?
Wolo.gg analyzes every decision: build order, eco, micro, common mistakes by bracket. Personalized analysis on WhatsApp or Discord in 30 seconds.
Civ guide
Maya
Perfil
Jugador #23999929